TOP OF THE 1ST |
---|
Connecticut Huskies batting - Pitching for Notre Dame Fighting Irish : RHP Dax Green | Pitching: RHP Dax Green | | Batting: RHB Anthony Payton | 0-0: Foul Ball, location: 2F 0-1: Swinging Strike 0-2: Ground out 6-3 (Groundball, 6) | Batting: LHB Alejandro Piña | 0-0: Ground out 6-3 (Groundball, 6) | Batting: RHB Bill Starr | 0-0: Foul Ball, location: 2F 0-1: Called Strike 0-2: Strikes out swinging | Top of the 1st over - 0 runs, 0 hits, 0 errors, 0 left on base; Connecticut 0 - Notre Dame 0 | BOTTOM OF THE 1ST |
---|
Notre Dame Fighting Irish batting - Pitching for Connecticut Huskies : LHP Mal Chapman | Pitching: LHP Mal Chapman | | Batting: RHB Allen Miller | 0-0: Called Strike 0-1: Swinging Strike 0-2: Ball 1-2: Strikes out looking | Batting: RHB River Hall | 0-0: Called Strike 0-1: SINGLE (Groundball, 56) (infield hit) | Batting: RHB Tommy Smith | 0-0: Ball 1-0: Ball Wild Pitch! River Hall to second 2-0: Called Strike 2-1: Ball 3-1: Foul Ball, location: 2F 3-2: Fly out, F6 (Line Drive, 6) Lined into DP, 6-4 (Line Drive, 6) | Bottom of the 1st over - 0 runs, 1 hit, 0 errors, 0 left on base; Connecticut 0 - Notre Dame 0 | TOP OF THE 2ND |
---|
Connecticut Huskies batting - Pitching for Notre Dame Fighting Irish : RHP Dax Green | Batting: LHB Al Dooley | 0-0: SINGLE (Flyball, 78M) | Batting: RHB Phil Gabriel | 0-0: Called Strike 0-1: Ball 1-1: Swinging Strike 1-2: Ball 2-2: Fly out, F9 (Flyball, 9LDF) | Batting: RHB Eric Vaughn | 0-0: Ball 1-0: Ball 2-0: Ball 3-0: Called Strike 3-1: Swinging Strike 3-2: Foul Ball, location: 2F 3-2: Strikes out looking | Batting: LHB Garth Gallegos | 0-0: Foul Ball, location: 2F 0-1: Swinging Strike 0-2: Ball 1-2: Ball 2-2: Strikes out swinging | Top of the 2nd over - 0 runs, 1 hit, 0 errors, 1 left on base; Connecticut 0 - Notre Dame 0 | BOTTOM OF THE 2ND |
---|
Notre Dame Fighting Irish batting - Pitching for Connecticut Huskies : LHP Mal Chapman | Batting: LHB Sam Knight | 0-0: Ball 1-0: Ball 2-0: Called Strike 2-1: Called Strike 2-2: Ball 3-2: Base on Balls | Batting: SHB Jason Ashley | 0-0: Ball 1-0: Ball 2-0: Fly out, F9 (Flyball, 9LSF) | Batting: SHB Andre Keeler | 0-0: Ball 1-0: Called Strike 1-1: Ball 2-1: Ball 3-1: Base on Balls Sam Knight to second | Batting: LHB Juan Muñóz | 0-0: Called Strike 0-1: Swinging Strike 0-2: Ball 1-2: Strikes out swinging | Batting: LHB Stewart Rodríguez | 0-0: Ball 1-0: Ball 2-0: Called Strike 2-1: Reached on error, E5 (Groundball, 56S) Sam Knight to third Andre Keeler to second | Batting: SHB Lee Dean | 0-0: Ball 1-0: Foul Ball, location: 2F 1-1: Ball 2-1: Ball 3-1: Ground out 4-3 (Groundball, 4S) | Bottom of the 2nd over - 0 runs, 0 hits, 1 error, 3 left on base; Connecticut 0 - Notre Dame 0 | TOP OF THE 3RD |
---|
Connecticut Huskies batting - Pitching for Notre Dame Fighting Irish : RHP Dax Green | Batting: RHB Ward Dempsey | 0-0: Ball 1-0: Ball 2-0: Ball 3-0: Called Strike 3-1: Called Strike 3-2: Strikes out swinging | Batting: RHB Martin Caldwell | 0-0: Called Strike 0-1: Called Strike 0-2: Ball 1-2: Foul Ball, location: 2F 1-2: Fly out, F9 (Flyball, 9S) | Batting: RHB Anthony Payton | 0-0: Ball 1-0: Foul Ball, location: 2F 1-1: Ball 2-1: Ball 3-1: Foul Ball, location: 2F 3-2: Foul Ball, location: 2F 3-2: Ground out 6-3 (Groundball, 6) | Top of the 3rd over - 0 runs, 0 hits, 0 errors, 0 left on base; Connecticut 0 - Notre Dame 0 | BOTTOM OF THE 3RD |
---|
Notre Dame Fighting Irish batting - Pitching for Connecticut Huskies : LHP Mal Chapman | Batting: RHB Allen Miller | 0-0: Foul Ball, location: 2F 0-1: Ball 1-1: Ball 2-1: SINGLE (Groundball, 4MD) | Batting: RHB River Hall | 0-0: Swinging Strike 0-1: Fielders Choice at 2nd, 1-6 (Groundball, P) | Batting: RHB Tommy Smith | 0-0: Ball 1-0: Ball 2-0: Ball 3-0: Called Strike 3-1: Foul Ball, location: 2F 3-2: Base on Balls River Hall to second | Batting: LHB Sam Knight | 0-0: Ball 1-0: Foul Ball, location: 2F 1-1: Grounds into double play, 4-6-3 (Groundball, 4) | Bottom of the 3rd over - 0 runs, 1 hit, 0 errors, 1 left on base; Connecticut 0 - Notre Dame 0 | TOP OF THE 4TH |
---|
Connecticut Huskies batting - Pitching for Notre Dame Fighting Irish : RHP Dax Green | Batting: LHB Alejandro Piña | 0-0: Called Strike 0-1: Called Strike 0-2: Fly out, F8 (Flyball, 8LM) | Batting: RHB Bill Starr | 0-0: Ground out 5-3 (Groundball, 56S) | Batting: LHB Al Dooley | 0-0: Called Strike 0-1: Ball 1-1: SINGLE (Groundball, 34D) | Batting: RHB Phil Gabriel | 0-0: Fielders Choice at 2nd, 5-4 (Groundball, 5) | Top of the 4th over - 0 runs, 1 hit, 0 errors, 1 left on base; Connecticut 0 - Notre Dame 0 | BOTTOM OF THE 4TH |
---|
Notre Dame Fighting Irish batting - Pitching for Connecticut Huskies : LHP Mal Chapman | Batting: SHB Jason Ashley | 0-0: Ball 1-0: Ball 2-0: Ball 3-0: Called Strike 3-1: Base on Balls | Batting: SHB Andre Keeler | 0-0: Fly out, F3 (Popup, 3F) | Batting: LHB Juan Muñóz | 0-0: Ball 1-0: DOUBLE (Line Drive, 8RD) Jason Ashley to third | Batting: LHB Stewart Rodríguez | 0-0: Ball 1-0: Ball 2-0: Called Strike 2-1: Ball 3-1: Called Strike 3-2: Foul Ball, location: 2F 3-2: Foul Ball, location: 2F 3-2: Strikes out swinging | Batting: SHB Lee Dean | 0-0: Swinging Strike 0-1: Foul Ball, location: 2F 0-2: Ball 1-2: Ball 2-2: Strikes out swinging | Bottom of the 4th over - 0 runs, 1 hit, 0 errors, 2 left on base; Connecticut 0 - Notre Dame 0 | TOP OF THE 5TH |
---|
Connecticut Huskies batting - Pitching for Notre Dame Fighting Irish : RHP Dax Green | Batting: RHB Eric Vaughn | 0-0: Ball 1-0: Foul Ball, location: 2F 1-1: Ground out 3-1 (Groundball, 34S) | Batting: LHB Garth Gallegos | 0-0: Called Strike 0-1: Called Strike 0-2: Ball 1-2: Foul Ball, location: 2F 1-2: Strikes out swinging | Batting: RHB Ward Dempsey | 0-0: Called Strike 0-1: Swinging Strike 0-2: Foul Ball, location: 2F 0-2: Strikes out swinging | Top of the 5th over - 0 runs, 0 hits, 0 errors, 0 left on base; Connecticut 0 - Notre Dame 0 | BOTTOM OF THE 5TH |
---|
Notre Dame Fighting Irish batting - Pitching for Connecticut Huskies : LHP Mal Chapman | Batting: RHB Allen Miller | 0-0: Called Strike 0-1: Foul Ball, location: 2F 0-2: Ball 1-2: Ball 2-2: Ball 3-2: Base on Balls | Pitching: RHP Daniel Merrill | | Batting: RHB River Hall | 0-0: Ball 1-0: Swinging Strike 1-1: Fly out, F6 (Line Drive, 6) | Batting: RHB Tommy Smith | 0-0: Ball 1-0: Ball 2-0: 2-RUN HOME RUN (Line Drive, 9LD), Distance : 330 ft | Batting: LHB Sam Knight | 0-0: Ball 1-0: Called Strike 1-1: Ground out U3 (Groundball, 34) | Batting: SHB Jason Ashley | 0-0: Ball 1-0: Foul Ball, location: 2F 1-1: Swinging Strike 1-2: Strikes out swinging, 2-3 out at first. | Bottom of the 5th over - 2 runs, 1 hit, 0 errors, 0 left on base; Connecticut 0 - Notre Dame 2 | TOP OF THE 6TH |
---|
Connecticut Huskies batting - Pitching for Notre Dame Fighting Irish : RHP Dax Green | Batting: RHB Martin Caldwell | 0-0: Ball 1-0: Swinging Strike 1-1: Fly out, F8 (Flyball, 8LD) | Batting: RHB Anthony Payton | 0-0: Ball 1-0: Swinging Strike 1-1: Foul Ball, location: 2F 1-2: Strikes out swinging | Batting: LHB Alejandro Piña | 0-0: Called Strike 0-1: Swinging Strike 0-2: Ball 1-2: Ball 2-2: Foul Ball, location: 2F 2-2: SINGLE (Groundball, 25) (infield hit) | Batting: RHB Bill Starr | 0-0: Ball 1-0: Fly out, F8 (Flyball, 8RM) | Top of the 6th over - 0 runs, 1 hit, 0 errors, 1 left on base; Connecticut 0 - Notre Dame 2 | BOTTOM OF THE 6TH |
---|
Notre Dame Fighting Irish batting - Pitching for Connecticut Huskies : RHP Daniel Merrill | Batting: SHB Andre Keeler | 0-0: Ball 1-0: Swinging Strike 1-1: Ball 2-1: Ball 3-1: Foul Ball, location: 2F 3-2: Strikes out swinging | Batting: LHB Juan Muñóz | 0-0: Fly out, F8 (Flyball, 8RS) | Batting: LHB Stewart Rodríguez | 0-0: Ball 1-0: Ball 2-0: Bunt missed! 2-1: Ground out 4-3 (Groundball, 4) | Bottom of the 6th over - 0 runs, 0 hits, 0 errors, 0 left on base; Connecticut 0 - Notre Dame 2 | TOP OF THE 7TH |
---|
Connecticut Huskies batting - Pitching for Notre Dame Fighting Irish : RHP Dax Green | Batting: LHB Al Dooley | 0-0: Swinging Strike 0-1: Foul Ball, location: 2F 0-2: Ball 1-2: Strikes out swinging | Pitching: RHP Joseph Baxter | | Batting: RHB Phil Gabriel | 0-0: Ball 1-0: Called Strike 1-1: Foul Ball, location: 2F 1-2: Ball 2-2: Strikes out swinging | Batting: RHB Eric Vaughn | 0-0: Ball 1-0: Foul Ball, location: 2F 1-1: Called Strike 1-2: Ball 2-2: Ground out 6-3 (Groundball, 6) | Top of the 7th over - 0 runs, 0 hits, 0 errors, 0 left on base; Connecticut 0 - Notre Dame 2 | BOTTOM OF THE 7TH |
---|
Notre Dame Fighting Irish batting - Pitching for Connecticut Huskies : RHP Daniel Merrill | Batting: SHB Lee Dean | 0-0: Ground out U3 (Groundball, 3) | Batting: RHB Allen Miller | 0-0: Swinging Strike 0-1: Ball 1-1: SINGLE (Groundball, 56D) | Batting: RHB River Hall | 0-0: Called Strike 0-1: Ball 1-1: SINGLE (Line Drive, 56) Allen Miller to second | Batting: RHB Tommy Smith | 0-0: Ball 1-0: Called Strike 1-1: Foul Ball, location: 2F 1-2: Ball 2-2: Foul Ball, location: 2F 2-2: Ball 3-2: Foul Ball, location: 2F 3-2: SINGLE (Groundball, 6MD) Allen Miller to third River Hall to second Allen Miller scores River Hall to third | Pitching: LHP Randall Smith | | Batting: LHB Sam Knight | 0-0: Ball 1-0: Swinging Strike 1-1: Ball 2-1: Ball 3-1: Foul Ball, location: 2F 3-2: Base on Balls Tommy Smith to second | Batting: SHB Jason Ashley | 0-0: Grounds into fielders choice 6-2 (Groundball, 6) Tommy Smith to third Sam Knight to second | Batting: SHB Andre Keeler | 0-0: Ball 1-0: Ball 2-0: Called Strike 2-1: Foul Ball, location: 2F 2-2: Foul Ball, location: 2F 2-2: Fielders Choice at 2nd, 5-4 (Groundball, 5) | Bottom of the 7th over - 1 run, 3 hits, 0 errors, 3 left on base; Connecticut 0 - Notre Dame 3 | TOP OF THE 8TH |
---|
Connecticut Huskies batting - Pitching for Notre Dame Fighting Irish : RHP Joseph Baxter | Batting: LHB Garth Gallegos | 0-0: Called Strike 0-1: SINGLE (Groundball, 56D) | Batting: RHB Ward Dempsey | 0-0: Swinging Strike 0-1: Called Strike 0-2: Ball 1-2: Ball 2-2: Strikes out looking | Batting: RHB Martin Caldwell | 0-0: Ball 1-0: Foul Ball, location: 2F 1-1: Called Strike 1-2: Strikes out swinging | Batting: RHB Anthony Payton | 0-0: Ball 1-0: Called Strike 1-1: Foul Ball, location: 2F 1-2: Ball 2-2: Ball 3-2: Foul Ball, location: 2F 3-2: Strikes out swinging | Top of the 8th over - 0 runs, 1 hit, 0 errors, 1 left on base; Connecticut 0 - Notre Dame 3 | BOTTOM OF THE 8TH |
---|
Notre Dame Fighting Irish batting - Pitching for Connecticut Huskies : LHP Randall Smith | Batting: LHB Juan Muñóz | 0-0: Called Strike 0-1: Ball 1-1: SOLO HOME RUN (Flyball, 89XD), Distance : 381 ft | Batting: LHB Stewart Rodríguez | 0-0: Foul Ball, location: 2F 0-1: Ball 1-1: Ball 2-1: Ground out U3 (Groundball, 3L) | Batting: SHB Lee Dean | 0-0: Ball 1-0: Ball 2-0: Called Strike 2-1: Swinging Strike 2-2: Strikes out swinging | Batting: RHB Allen Miller | 0-0: Called Strike 0-1: Foul Ball, location: 2F 0-2: Strikes out swinging | Bottom of the 8th over - 1 run, 1 hit, 0 errors, 0 left on base; Connecticut 0 - Notre Dame 4 | TOP OF THE 9TH |
---|
Connecticut Huskies batting - Pitching for Notre Dame Fighting Irish : RHP Joseph Baxter | Batting: LHB Alejandro Piña | 0-0: Ball 1-0: Foul Ball, location: 2F 1-1: Called Strike 1-2: Foul Ball, location: 2F 1-2: Ground out 1-3 (Groundball, P) | Batting: RHB Bill Starr | 0-0: Called Strike 0-1: Ball 1-1: Ball 2-1: Ball 3-1: Base on Balls | Batting: LHB Al Dooley | 0-0: Ball 1-0: Called Strike 1-1: Ball 2-1: Foul Ball, location: 2F 2-2: Strikes out swinging | Batting: RHB Phil Gabriel | 0-0: DOUBLE (Line Drive, 9LD) Bill Starr to third | Pitching: RHP Myles Haley | | Batting: RHB Eric Vaughn | 0-0: SINGLE (Groundball, 34D) Bill Starr scores Phil Gabriel to third | Batting: LHB Garth Gallegos | 0-0: Called Strike 0-1: Ball 1-1: Foul Ball, location: 2F 1-2: Foul Ball, location: 2F 1-2: Ball 2-2: Ball 3-2: DOUBLE (Line Drive, 78D) Phil Gabriel scores Eric Vaughn to third Eric Vaughn scores | Pinch Hitting: RHB Ron Frost | 0-0: Ball 1-0: Ball 2-0: Called Strike 2-1: Foul Ball, location: 2F 2-2: Ground out 2-3 (Groundball, 15S) | Top of the 9th over - 3 runs, 3 hits, 0 errors, 1 left on base; Connecticut 3 - Notre Dame 4 | |